AoeStats
← RedPhosphoru

Arabian Desert

509778396Analyzed
1v1 RM · 4d ago on Sep 28, 2026· 24m 53s· 2 players
Game mode
Random Map
Map size
Tiny (2 player)
Population
200
Speed
Normal
Resources
Standard
Victory
Conquest
Starting age
Dark Age
Ending age
Imperial Age
RankedLock teamsTeams togetherTeam positionsShared explorationLock speedFull tech treeHidden civsTurbo modeCheats
Victory
Defeat
🇺🇸 Tupi · United States
2301
+2
🇲🇽 Vietnamese · Mexico
1860
-2
RedPhosphoru
7:36 Loom
10:26 Feudal Age
11:06 Champi Runner
20:25 Double-Bit Axe
23:39 Castle Age
22:59 Scale Mail Armor
23:41 Champi Warrior
24:22 Squires
Crosnay
6:52 Loom
9:38 Feudal Age
10:09 Man-at-Arms
15:15 Fletching
22:21 Padded Archer Armor
23:07 Wheelbarrow
Connection lost

Rejoining the realm…

Still unreachable

The connection could not be restored.

Session expired

The server has moved on; the page needs a fresh start.